 Dungeon Crawl Stone Soup version 0.21.0 (webtiles) character file.

68049 8fpsbossfight the Severer (level 14, -7/138 HPs)
             Began as a Minotaur Monk on Jan 8, 2018.
             Was the Champion of Ru.
             Mangled by a sun demon (18 damage)
             ... summoned by Frances
             ... on level 13 of the Dungeon.
             The game lasted 00:59:48 (25876 turns).

8fpsbossfight the Severer (Minotaur Monk)          Turns: 25876, Time: 00:59:49

Health: -7/138     AC: 16    Str: 21    XL:     14   Next: 85%
Magic:  17/17      EV:  7    Int:  8    God:    Ru [******]
Gold:   1710       SH:  5    Dex: 13    Spells: 15/18 levels left

rFire    . . .     SeeInvis .   b - +8 whip "Snakebite" {curare, rPois, !f}
rCold    . . .     Gourm    .   (shield unavailable)
rNeg     . . .     Faith    .   L - +0 plate armour
rPois    +         Spirit   .   m - +1 hat
rElec    .         Reflect  +   U - +2 cloak {rPois}
rCorr    .         Harm     .   t - +0 pair of gloves of Wasted Space {Int+3 Stlth+}
MR       +....                  n - +2 pair of boots
Stlth    ..........             r - +5 amulet of reflection
HPRegen  0.33/turn              (ring unavailable)
MPRegen  0.15/turn              S - +4 ring of slaying

@: exhausted, corroded, drained
A: retaliatory headbutt, horns 2, dopey 1, missing a hand, inability to use
devices, reduced EV 1
a: Draw Out Power, Power Leap, Apocalypse, Renounce Religion


You were on level 13 of the Dungeon.
You worshipped Ru.
Ru was exalted by your worship.
You were not hungry.

You visited 3 branches of the dungeon, and saw 21 of its levels.

You collected 1710 gold pieces.

Inventory:

Hand Weapons
 a - a +1 war axe
   (You took it off an orc on level 5 of the Dungeon)
 b - the +8 whip "Snakebite" (weapon) {curare, rPois, !f}
   (You found it on level 1 of the Lair of Beasts)

   It poisons the flesh of those it strikes.
   It protects you from poison.
Missiles
 y - 5 throwing nets (quivered) {!f}
Armour
 m - a +1 hat (worn)
   (You took it off Gastronok on level 2 of the Lair of Beasts)
 n - a +2 pair of boots (worn)
   (You found it on level 3 of the Dungeon)
 t - the +0 pair of gloves of Wasted Space (worn) {Int+3 Stlth+}
   (You found it on level 4 of the Dungeon)

   It affects your intelligence (+3).
   It makes you more stealthy.
 L - a +0 plate armour (worn)
   (You found it on level 4 of the Lair of Beasts)
 U - a +2 cloak of poison resistance (worn)
   (You found it on level 3 of the Lair of Beasts)
Jewellery
 g - an uncursed ring of protection from fire
   (You found it on level 2 of the Dungeon)
 i - an uncursed ring of see invisible
   (You found it on level 2 of the Dungeon)
 r - a +5 amulet of reflection (around neck)
   (You found it on level 12 of the Dungeon)
 S - a +4 ring of slaying (right hand)
   (You found it on level 3 of the Lair of Beasts)
Scrolls
 f - 10 scrolls of remove curse {@r2}
 h - a scroll of enchant armour
 k - a scroll of amnesia
 q - 4 scrolls of magic mapping
 u - a scroll of fear {unknown}
 w - 2 scrolls of enchant weapon
 B - a scroll of holy word {unknown}
 C - a scroll of summoning {unknown}
 D - a scroll of fog {unknown}
 J - a scroll of random uselessness {unknown}
 K - 4 scrolls of immolation {!r}
 Q - 2 scrolls of teleportation {@r4}
Potions
 d - 4 potions of brilliance
 l - 3 potions of haste {@q3}
 p - 3 potions of curing {@q1}
 v - a potion of magic {unknown}
 z - 4 potions of resistance
 A - 2 potions of flight
 E - 3 potions of invisibility
 F - 2 potions of agility
 H - 2 potions of ambrosia
 I - 2 potions of cancellation
 M - a potion of mutation {unknown}
 N - 3 potions of heal wounds {@q2}
 P - 3 potions of might
 T - 3 potions of lignification {!q}
 V - 2 potions of degeneration {unknown}
Books
 j - a book of Battle
   (You found it on level 12 of the Dungeon)
Comestibles
 c - 20 chunks of flesh
 e - 32 rations


   Skills:
 + Level 16.4(15.4) Fighting
 - Level 17.9(17.0) Axes
 - Level 3.4(11.6) Maces & Flails
 - Level 12.0(11.1) Armour
 - Level 12.0(11.1) Dodging
 - Level 1.5(0.9) Stealth
 * Level 2.9(2.2) Spellcasting
 * Level 3.6(2.9) Earth Magic


You had 15 spell levels left.
You knew the following spells:

 Your Spells              Type           Power        Failure   Level  Hunger
a - Passwall              Tmut/Erth      #.........   99%         2    ###....
c - Apportation           Tloc           #.....       99%         1    ##.....


Dungeon Overview and Level Annotations

Branches:
Dungeon (13/15)            Temple (0/1) D:6            Lair (6/6) D:8
  Swamp (0/4) Lair:2       Spider (0/4) Lair:3        Slime (0/5) Lair:6
    Orc (2/2) D:12            Elf (0/3) Orc:2
 Vaults: D:13-14

Altars:
Ashenzari
Dithmenos
Hepliaklqana
Kikubaaqudgha
Makhleb
Okawaru
Ru
Sif Muna
Trog
Vehumet
Wu Jian
Xom
Yredelemnul
Zin
The Shining One
Beogh

Shops:
D:8 [(   Orc:2 !:(!

Annotations:
D:6 2 runed doors
D:13 Frances


Innate Abilities, Weirdness & Mutations

You reflexively headbutt those who attack you in melee.
You have a pair of horns on your head.
You are dopey. (Int -2)
You are missing a hand.
You cannot study or use magical devices.
You have somewhat slow reflexes. (EV -5)


Message History

Your plate armour prevents you from hitting the brown ugly thing.
You headbutt the brown ugly thing.
You kill the brown ugly thing!
Frances whispers indecipherable words.
There is an open door, spattered with blood here.
Frances hits you with a trident!!
* * * LOW HITPOINT WARNING * * *
Frances barely misses you. You furiously retaliate!
You headbutt Frances. You whack Frances! You headbutt Frances.
Frances is no longer blind.
You closely miss Frances. Frances hits you with a trident!
* * * LOW HITPOINT WARNING * * *
You hit Frances but do no damage.
Frances screams a word of power!
Unknown command.
You are restored by drawing out deep reserves of power within.
You feel drained. The sun demon barely misses you. You block Frances's attack.
The sun demon hits you!
You are engulfed in flames!
Unknown command.
You barely miss Frances.
Frances begins to cast a spell, but is stunned by your will!
You hit Frances but do no damage.
Frances is poisoned.
Frances looks even sicker.
Frances convulses.
Frances seems to slow down.
The sun demon hits you but does no damage.
Frances chants phrases taken from a devil's mouth.
The shard of ice hits you!
* * * LOW HITPOINT WARNING * * *
There is an open door, spattered with blood here.
The sun demon hits you!
* * * LOW HITPOINT WARNING * * *
You are engulfed in flames!
* * * LOW HITPOINT WARNING * * *
Some of the chunks of flesh in your inventory have rotted away.
Unknown command.
You closely miss the sun demon.
You headbutt the sun demon, but do no damage.
You hit the sun demon but do no damage.
The sun demon is poisoned.
The sun demon is stunned by your will and fails to attack.
Frances hits you from afar with a trident.
* * * LOW HITPOINT WARNING * * *
You feel much better. The sun demon hits you.
* * * LOW HITPOINT WARNING * * *
You are engulfed in flames!
* * * LOW HITPOINT WARNING * * *
As you read the scroll of magic mapping, it crumbles to dust.
You feel aware of your surroundings. The sun demon barely misses you.
Frances begins to cast a spell, but is stunned by your will!
The sun demon hits you!
* * * LOW HITPOINT WARNING * * *
You are engulfed in flames!!
You die...

# ##..## #.# #..## #.# #.## #.#
#######'#### #.# ###.....>....#
###(######## .#...........#
#...(......# .#...........#
####.......(..#
...........4.####.............#
..#..........#43@.##..........#
.##..........4@#####..........#
.##..........### #..........#
###......<...# #..........#
#######'#### #..........# #..*
############ ##.* *,* ****
*****'*****


You could see Frances, a sun demon and 2 rust devils.

Vanquished Creatures
  Gastronok (Lair:2)
  Kirke (D:13)
  Nessos (Lair:5)
  A dire elephant (Lair:6)
  Harold (Lair:2)
  Josephine (Orc:1)
  3 hydras
  Fannar (D:11)
  The ghost of OmG the Nimble, a journeyman GnMo of Uskayaw (D:10)
  The ghost of marsu the Thaumaturge, a journeyman GnWn of Sif Muna (Lair:1)
  A catoblepas (Lair:6)
  Erica (D:11)
  2 ogre magi (Orc:2)
  A deep troll shaman (Lair:6)
  3 two-headed ogres
  6 death yaks (Lair:6)
  The ghost of BrokenGlass the Martial Artist, a novice OpFi of Ashenzari (D:8)
  Nergalle (Orc:2)
  Sonja (Lair:3)
  Pikel (D:5)
  4 ugly things
  5 oklob plants (Lair:4)
  2 cyclopes
  8 orc sorcerers (Orc:2)
  A manticore (D:11)
  The ghost of BrokenGlass the Martial Artist, a novice OpFi of Ashenzari (D:6)
  13 elephants
  A guardian serpent (D:13)
  10 black mambas
  9 spiny frogs
  2 rime drakes
  A torpor snail (Lair:1)
  The ghost of BrokenGlass the Martial Artist, a novice OpFi (D:5)
  A kobold demonologist (D:11)
  3 komodo dragons
  4 trolls
  2 polar bears (Lair:6)
  11 hippogriffs
  5 dream sheep (Lair:4)
  2 redbacks (Lair:3)
  A shadow (D:11)
  2 wyverns
  3 wraiths (Orc:1)
  2 humans (D:9)
  3 basilisks
  29 yaks
  Grum (D:8)
  2 hogs (D:13)
  Menkaure (D:4)
  2 wargs (Orc:2)
  2 acid dragons
  17 water moccasins
  10 orc warriors
  2 hell hounds (D:8)
  5 porcupines
  2 ice beasts
  2 sky beasts
  4 slaves
  2 black bears
  5 phantoms
  A necrophage (D:11)
  10 ogres
  9 centaurs
  An eye of draining (D:11)
  34 wolves
  8 crocodiles
  3 big kobolds
  Blork the orc (D:4)
  25 bullfrogs
  2 scorpions
  9 killer bees
  A water moccasin skeleton (D:11)
  2 electric eels (Lair:3)
  11 wights
  5 howler monkeys
  6 crimson imps
  A centaur zombie (D:10)
  A quasit (D:10)
  11 orc priests
  10 hounds
  3 centaur skeletons
  5 human zombies (D:11)
  2 iguanas (D:6)
  6 jellies
  25 orc wizards
  4 bullfrog skeletons
  A human skeleton (D:11)
  6 hell rats (Lair:5)
  8 worker ants
  Natasha (D:2)
  A killer bee zombie (D:10)
  An ogre zombie (D:11)
  A hound zombie (D:6)
  A hound skeleton (D:5)
  2 mummies (D:11)
  9 adders
  2 oozes
  An adder skeleton (D:4)
  4 dart slugs
  3 leopard geckos
  78 orcs
  7 giant cockroaches
  6 goblins
  8 hobgoblins
  19 jackals
  3 quokkas
  5 bats
  3 frilled lizards
  A jackal zombie (D:6)
  20 kobolds
  A leopard gecko skeleton (D:4)
  A quokka skeleton (D:5)
  A quokka zombie (D:4)
  11 rats
  A butterfly (Lair:1)
  2 fungi (Lair:4)
  3 plants (Lair:4)
620 creatures vanquished.

Vanquished Creatures (others)
  A hydra (Lair:6)
  A water moccasin (Lair:1)
  7 fungi
  4 plants
13 creatures vanquished.

Grand Total: 633 creatures vanquished

Notes
Turn   | Place    | Note
-------+----------+-------------------------------------------
     0 | D:1      | 8fpsbossfight the Minotaur Monk began the quest for the Orb.
     0 | D:1      | Reached XP level 1. HP: 19/19 MP: 0/0
    26 | D:1      | Reached skill level 4 in Axes
   136 | D:1      | Reached XP level 2. HP: 20/26 MP: 1/1
   277 | D:1      | Reached skill level 5 in Axes
   284 | D:1      | Reached XP level 3. HP: 17/31 MP: 2/2
  1058 | D:2      | Reached XP level 4. HP: 30/40 MP: 3/3
  1287 | D:2      | Noticed Natasha
  1301 | D:2      | Killed Natasha
  1301 | D:2      | Reached skill level 6 in Axes
  1656 | D:3      | Found a shadowy altar of Dithmenos.
  1743 | D:3      | Reached XP level 5. HP: 6/47 MP: 4/4
  2031 | D:3      | Found a sacrificial altar of Ru.
  2036 | D:3      | Became a worshipper of Ru the Awakened
  2041 | D:3      | Gained mutation: You are dopey. (Int -2) [Ru sacrifice]
  2463 | D:3      | Found a glowing golden altar of the Shining One.
  2465 | D:3      | Found a white marble altar of Elyvilon.
  2465 | D:3      | Found a shimmering altar of Xom.
  2465 | D:3      | Noticed a centaur
  2482 | D:3      | Killed a centaur
  2482 | D:3      | Reached skill level 5 in Fighting
  2482 | D:3      | Reached skill level 7 in Axes
  2482 | D:3      | Reached XP level 6. HP: 55/56 MP: 5/5
  2648 | D:3      | Found a shadowy altar of Dithmenos.
  2648 | D:3      | Found a hazy altar of Hepliaklqana.
  2648 | D:3      | Found a burning altar of Makhleb.
  2876 | D:4      | Noticed a slave
  2877 | D:4      | Noticed a slave
  2878 | D:4      | Noticed a slave
  2920 | D:4      | Killed a slave
  2931 | D:4      | Killed a slave
  3095 | D:4      | Noticed a slave
  3122 | D:3      | Killed a slave
  3243 | D:4      | Killed a slave
  3274 | D:4      | Noticed Blork the orc
  3289 | D:4      | Killed Blork the orc
  3392 | D:4      | Found an ornate altar of the Wu Jian Council.
  3560 | D:4      | Got a pair of bloodstained gloves
  3565 | D:4      | Found a bloodstained altar of Trog.
  3796 | D:4      | Noticed Menkaure
  3805 | D:4      | Killed Menkaure
  3805 | D:4      | Reached skill level 8 in Axes
  3805 | D:4      | Reached XP level 7. HP: 21/64 MP: 6/6
  4038 | D:4      | Found an ornate altar of the Wu Jian Council.
  4058 | D:4      | Found a bloodstained altar of Trog.
  4377 | D:5      | Entered Level 5 of the Dungeon
  4568 | D:5      | Identified the cursed +0 pair of gloves of Wasted Space {Int+3 Stlth+} (You found it on level 4 of the Dungeon)
  4714 | D:5      | Reached skill level 9 in Axes
  4803 | D:5      | Reached XP level 8. HP: 72/74 MP: 7/7
  4860 | D:5      | Noticed Pikel
  4868 | D:5      | Killed Pikel
  4868 | D:5      | Reached skill level 10 in Axes
  5130 | D:5      | Noticed BrokenGlass's ghost (novice OpFi)
  5271 | D:6      | Reached skill level 11 in Axes
  5327 | D:6      | Found a staircase to the Ecumenical Temple.
  5339 | D:6      | Gained mutation: You have somewhat slow reflexes. (EV -5) [Ru sacrifice]
  5339 | D:6      | Reached * piety under Ru
  5339 | D:6      | Reached ** piety under Ru
  5394 | D:6      | Reached XP level 9. HP: 72/83 MP: 8/8
  5416 | D:6      | Noticed BrokenGlass's ghost (novice OpFi)
  6335 | D:7      | Reached skill level 12 in Axes
  6356 | D:7      | Found a glowing silver altar of Zin.
  6539 | D:8      | Noticed Grum
  6555 | D:8      | Killed Grum
  6657 | D:8      | Reached skill level 10 in Fighting
  6841 | D:8      | Found a bloodstained altar of Trog.
  6865 | D:8      | Found Homuig's Antique Weapon Boutique.
  6925 | D:8      | You fall through a shaft for 2 floors!
  6925 | D:10     | Entered Level 10 of the Dungeon
  7102 | D:9      | Noticed a two-headed ogre
  7119 | D:9      | Reached skill level 13 in Axes
  7284 | D:9      | Found an iron altar of Okawaru.
  7566 | D:9      | Gained mutation: You cannot study or use magical devices. [Ru sacrifice]
  7566 | D:9      | Reached *** piety under Ru
  7566 | D:9      | Reached **** piety under Ru
  7594 | D:8      | Found Bine's Antique Armour Boutique.
  7772 | D:8      | Found a staircase to the Lair.
  7795 | D:8      | Reached XP level 10. HP: 79/94 MP: 9/9
  7879 | D:8      | Noticed a two-headed ogre
  7889 | D:8      | Killed a two-headed ogre
  7889 | D:8      | Reached skill level 14 in Axes
  8053 | D:8      | Found a bloodstained altar of Trog.
  8249 | D:8      | Noticed BrokenGlass's ghost (novice OpFi)
  8263 | D:8      | Killed BrokenGlass's ghost
  8545 | D:7      | Found a glowing silver altar of Zin.
  8932 | D:6      | Killed BrokenGlass's ghost
  9133 | D:6      | Found a runed door.
  9219 | D:5      | Killed BrokenGlass's ghost
  9502 | D:6      | Found a runed door.
  9504 | D:6      | Reached skill level 15 in Axes
  9661 | D:6      | Found a shattered altar of Ashenzari.
 10083 | D:9      | Killed a two-headed ogre
 10750 | D:10     | Reached XP level 11. HP: 92/104 MP: 10/10
 10919 | D:10     | You fall through a shaft!
 10922 | D:11     | Noticed a green ugly thing
 10931 | D:11     | Killed a green ugly thing
 11322 | D:11     | Reached skill level 16 in Axes
 11480 | D:11     | Reached skill level 1 in Armour
 11582 | D:11     | Noticed Erica
 11587 | D:11     | Noticed a two-headed ogre
 11593 | D:11     | Killed Erica
 12139 | D:10     | Noticed OmG's ghost (journeyman GnMo)
 12165 | D:10     | Killed OmG's ghost
 12165 | D:10     | Reached skill level 5 in Dodging
 12711 | D:11     | Noticed a green ugly thing
 12730 | D:11     | Killed a green ugly thing
 12870 | D:11     | Reached skill level 5 in Armour
 13011 | D:11     | Noticed a brown ugly thing
 13025 | D:11     | Killed a brown ugly thing
 13554 | D:11     | Found a basalt altar of Yredelemnul.
 14009 | Lair:1   | Entered Level 1 of the Lair of Beasts
 14326 | Lair:1   | Reached XP level 12. HP: 80/115 MP: 5/11
 14417 | Lair:1   | Noticed marsu's ghost (journeyman GnWn)
 14465 | Lair:1   | Killed marsu's ghost
 15481 | Lair:1   | Found the +8 whip "Snakebite" {curare, rPois}
 16082 | Lair:2   | Found a staircase to the Swamp.
 16936 | Lair:2   | Noticed Harold
 16950 | Lair:2   | Killed Harold
 17033 | Lair:2   | Noticed Gastronok
 17063 | Lair:2   | Killed Gastronok
 17324 | Lair:3   | Reached skill level 10 in Armour
 17350 | Lair:3   | Gained mutation: You are missing a hand. [Ru sacrifice]
 17350 | Lair:3   | Reached ***** piety under Ru
 17350 | Lair:3   | Reached ****** piety under Ru
 17632 | Lair:3   | Noticed a five-headed hydra
 17648 | Lair:3   | Killed a five-headed hydra
 17921 | Lair:3   | Noticed Sonja
 17931 | Lair:3   | Killed Sonja
 18105 | Lair:3   | Found a hole to the Spider Nest.
 18261 | Lair:3   | Reached XP level 13. HP: 118/124 MP: 12/12
 19855 | Lair:4   | Reached skill level 17 in Axes
 20322 | Lair:5   | Noticed Nessos
 20341 | Lair:5   | Killed Nessos
 20405 | Lair:5   | Reached skill level 15 in Fighting
 20740 | Lair:5   | Found a deep blue altar of Sif Muna.
 21440 | Lair:6   | Entered Level 6 of the Lair of Beasts
 21446 | Lair:6   | Reached skill level 10 in Dodging
 21695 | Lair:6   | Learned a level 1 spell: Apportation
 21698 | Lair:6   | Learned a level 2 spell: Passwall
 21966 | Lair:6   | Found a staircase to the Slime Pits.
 22204 | Lair:6   | Reached XP level 14. HP: 117/135 MP: 13/13
 23408 | D:11     | Noticed Fannar
 23437 | D:11     | Killed Fannar
 23625 | D:12     | Found a roughly hewn altar of Beogh.
 23635 | D:12     | Found a staircase to the Orcish Mines.
 24005 | Orc:1    | Entered Level 1 of the Orcish Mines
 24005 | Orc:1    | Noticed Josephine
 24011 | Orc:1    | Killed Josephine
 24172 | Orc:2    | Entered Level 2 of the Orcish Mines
 24573 | Orc:2    | Paralysed by an orc sorcerer for 4 turns
 24578 | Orc:2    | Reached skill level 1 in Earth Magic
 24578 | Orc:2    | Reached skill level 1 in Spellcasting
 24666 | Orc:2    | Found Qergh's Distillery.
 24783 | Orc:2    | Found a staircase to the Elven Halls.
 25041 | Orc:2    | Found a radiant altar of Vehumet.
 25162 | Orc:2    | Noticed Nergalle
 25163 | Orc:2    | Paralysed by an orc sorcerer for 5 turns
 25170 | Orc:2    | Killed Nergalle
 25171 | Orc:2    | Found Zoiqio Huxt's Distillery.
 25171 | Orc:2    | Found Jaezeuh's Book Shoppe.
 25171 | Orc:2    | Found a roughly hewn altar of Beogh.
 25183 | Orc:2    | Found Hic Ysyokhle's Antique Weapon Emporium.
 25356 | Orc:2    | Found an ancient bone altar of Kikubaaqudgha.
 25557 | D:13     | Noticed Kirke
 25574 | D:13     | Killed Kirke
 25845 | D:13     | Noticed Frances
 25876 | D:13     | Mangled by a sun demon

Skill      XL: |  1  2  3  4  5  6  7  8  9 10 11 12 13 14 |
---------------+-------------------------------------------+-----
Axes           | 4 5 6 7 8 9 11 13 15 16 17 | 17.9
Fighting       | 4 5 6 7 9 10 12 13 14 15 16 | 16.4
Armour         | 6 10 11 12 | 12.0
Dodging        | 7 9 10 12 | 12.0
Maces & Flails | 3 |  3.4
Earth Magic    | 3 |  3.6
Spellcasting   | 2 |  2.9
Stealth        | |  1.5

Action                   |  1- 3 |  4- 6 |  7- 9 | 10-12 | 13-15 || total
-------------------------+-------+-------+-------+-------+-------++-------
Melee: Hand axe          |    90 |   201 |    46 |       |       ||   337
       Headbutt          |    14 |    43 |    51 |   165 |   193 ||   466
       War axe           |       |       |   180 |   628 |       ||   808
       Whip              |       |       |       |    75 |   813 ||   888
 Fire: Blowgun           |       |       |       |     4 |       ||     4
Throw: Throwing net      |       |     2 |       |     2 |       ||     4
Invok: Sacrifice Purity  |       |     1 |       |       |       ||     1
       Sacrifice Health  |       |       |     1 |       |       ||     1
       Sacrifice Artific |       |       |     1 |       |       ||     1
       Power Leap        |       |       |       |     5 |     3 ||     8
       Draw Out Power    |       |       |       |     4 |     1 ||     5
       Reject Sacrifices |       |       |       |     1 |       ||     1
       Sacrifice a Hand  |       |       |       |     1 |       ||     1
       Apocalypse        |       |       |       |       |     3 ||     3
  Use: Scroll            |       |       |     7 |     5 |    15 ||    27
       Potion            |       |       |       |     4 |     2 ||     6
 Stab: Sleeping          |     3 |     1 |     3 |    16 |     1 ||    24
       Invisible         |       |       |       |    14 |     9 ||    23
       Distracted        |       |       |       |     3 |     2 ||     5
       Paralysed         |       |       |       |     1 |     7 ||     8
       Held in net/web   |       |       |       |     1 |       ||     1
       Petrified         |       |       |       |       |     3 ||     3
  Eat: Chunk             |     1 |     5 |     9 |     4 |    19 ||    38
       Ration            |       |     1 |     1 |     9 |     1 ||    12
Armor: Robe              |     7 |       |       |       |       ||     7
       Leather armour    |     7 |       |       |       |       ||     7
       Ring mail         |       |    44 |    96 |   196 |    19 ||   355
       Plate armour      |       |       |       |       |   260 ||   260
Dodge: Dodged            |    56 |    93 |    94 |   204 |   140 ||   587
Block: Other             |       |       |       |       |    27 ||    27
       Reflection        |       |       |       |       |     2 ||     2
